 Dungeon Crawl Stone Soup version 0.27-a0-1196-g3e9cee4cb2 (webtiles) character file.

Game seed: 6954864946083782453

63 2tc the Slasher (level 4, -4/33 HPs)
             Began as a Djinni Gladiator on May 27, 2021.
             Was a Believer of Lugonu.
             Slain by a gnoll
             ... wielding a +0 halberd
              (11 damage)
             ... on level 2 of the Dungeon.
             The game lasted 00:06:16 (2123 turns).

2tc the Slasher (Djinni Gladiator)                  Turns: 2123, Time: 00:06:17

Health: -4/33      AC:  4    Str: 13    XL:     4   Next: 31%
Gold:   73         EV: 12    Int: 11    God:    Lugonu [**....] SH:  0 Dex: 14

rFire    + + .     SeeInvis .   e - +1 dagger (venom)
rCold    x . .     Faith    .   (no shield)
rNeg     . . .     Spirit   .   b - +0 leather armour
rPois    ∞         Reflect  .   c - +0 helmet
rElec    .         Harm     .   (no cloak)
rCorr    .         Rampage  .   (no gloves)
Will     .....                  (boots unavailable)
Stlth    +.........             (no amulet)
HPRegen  0.11/turn              (no ring)
MPRegen  0.00/turn              (no ring)

@: flying
A: sickness immunity, fire resistance 2, cold vulnerability 1, float, innate
caster, hp casting, extra vitality 1
a: Renounce Religion, Depart the Abyss, Bend Space


You were on level 2 of the Dungeon.
You worshipped Lugonu.
Lugonu was pleased with you.
You visited 1 branch of the dungeon, and saw 2 of its levels.

You collected 73 gold pieces.

Inventory:

Hand Weapons
 a - a +0 long sword
 e - a +1 dagger of venom (weapon)
 f - a +2 dagger of flaming
Missiles
 d - 3 throwing nets (quivered)
Armour
 b - a +0 leather armour (worn)
 c - a +0 helmet (worn)
Scrolls
 h - a scroll of amnesia
Potions
 g - a potion of resistance {unknown}


   Skills:
 - Level 2.0 Fighting
 * Level 4.3 Long Blades
 - Level 1.5 Throwing
 - Level 3.2 Dodging
 + Level 0.3 Invocations


You had 2 spell levels left.
You knew the following spells:

 Your Spells              Type           Power      Damage    Failure   Level
a - Corona                Hex            0%         N/A       41%         1
Your spell library was empty.

Dungeon Overview and Level Annotations

Branches:
Dungeon (2/15)

Altars:
Lugonu


Innate Abilities, Weirdness & Mutations

You are immune to sickness and miasma.
You are immune to poison.
Your flesh is very heat resistant. (rF++)
You are vulnerable to cold. (rC-)
You float through the air rather than walking.
You learn spells naturally, not from books.
Your magical power is your life essence.
You have superior vitality. (+4 HP)


Message History

The giant cockroach bites you but does no damage.
The gnoll closely misses you.
A gnoll comes into view. It is wielding a +0 halberd.
The giant cockroach barely misses you. The giant cockroach closely misses you.
The giant cockroach barely misses you.
You barely miss the giant cockroach.
The giant cockroach bites you but does no damage.
You hit the giant cockroach but do no damage.
The giant cockroach is poisoned.
The giant cockroach misses you.
The giant cockroach bites you but does no damage.
You hit the giant cockroach but do no damage.
The giant cockroach looks even sicker.
The giant cockroach is moderately wounded.
You kill the giant cockroach!
Lugonu accepts your kill.
You hit the gnoll.
The gnoll is lightly wounded.
The gnoll closely misses you.
You hit the gnoll.
The gnoll is poisoned.
The gnoll is heavily wounded.
The gnoll completely misses you.
The gnoll hits you from afar with a +0 halberd!
You kill the gnoll!
Lugonu accepts your kill.
Things that are here:
a +0 short sword; a +0 ring mail The gnoll barely misses you.
The gnoll closely misses you.
The gnoll hits you from afar with a +0 halberd.
You hit the gnoll.
The gnoll is poisoned.
The gnoll is lightly wounded.
The gnoll barely misses you. x2
You hit the gnoll.
The gnoll is heavily wounded.
The gnoll hits you with a +0 halberd!
The gnoll hits you from afar with a +0 halberd.
* * * LOW HITPOINT WARNING * * *
The gnoll hits you from afar with a +0 halberd!
You die...

.########...##
#...)....#..(....#
.........).#.#
#............#####
.###..###<#.##
#..##...........#
.###..####.##
#..##.######.##.#
.....>.#########..##.#
.# #
.###.................#
.#
.......#########..######
.# .###.### #)......# .#
#. #@#####.# #. #.# #.
##g#####.# #. #.g......#
######).........
#.g†...#########
.#####.####.#
.............#
...........#.#


You could see 2 gnolls.

Vanquished Creatures
  A gnoll (D:2)
  An adder (D:2)
  A worm (D:2)
  2 dart slugs (D:1)
  3 orcs (D:2)
  An endoplasm (D:1)
  A giant cockroach (D:2)
  4 goblins
  3 hobgoblins (D:1)
  2 quokkas (D:1)
  3 ball pythons (D:1)
  2 bats (D:1)
  5 frilled lizards (D:1)
  3 kobolds (D:1)
  4 rats (D:1)
36 creatures vanquished.

Notes
Turn   | Place    | Note
-------+----------+-------------------------------------------
     0 | D:1      | 2tc the Djinni Gladiator began the quest for the Orb.
     0 | D:1      | Reached XP level 1. HP: 18/18 MP: 0/0
   288 | D:1      | Reached skill level 3 in Long Blades
   312 | D:1      | Reached XP level 2. HP: 21/23 MP: 0/0
   751 | D:1      | Reached XP level 3. HP: 15/28 MP: 0/0
   751 | D:1      | Learned a level 1 spell: Corona
   931 | D:1      | Found a faded altar of an unknown god.
   981 | D:1      | Became a worshipper of Lugonu the Unformed
   981 | D:1      | Reached * piety under Lugonu
   981 | D:1      | Reached ** piety under Lugonu
  1582 | D:2      | Reached skill level 4 in Long Blades
  1758 | D:2      | Reached XP level 4. HP: 18/33 MP: 0/0
  2123 | D:2      | Slain by a gnoll

Illustrated notes

Levels and vault maps discovered:
D:1:      wander_arrival_chamber, layout_loops_corners,
          hellmonk_ecumenical_altar_arch_garden
D:2:      layout_loops_ring, basic_altar, minmay_misc_feat_secret_circle,
          amcnicky_mini_corridor_feature

Skill      XL: |  1  2  3 |
---------------+----------+-----
Long Blades    | 3 4 |  4.3
Fighting       | |  2.0
Throwing       | |  1.5
Dodging        | |  3.2
Invocations    | |  0.3

Action                   |  1- 3 |  4- 6 || total
-------------------------+-------+-------++-------
Melee: Long sword        |    30 |       ||    30
       Dagger            |    71 |    15 ||    86
 Cast: Corona            |     4 |       ||     4
  Use: Scroll            |     2 |     1 ||     3
 Stab: Sleeping          |     1 |       ||     1
Armor: Leather armour    |    21 |     3 ||    24
Dodge: Dodged            |    70 |    15 ||    85
       Rpst.: Long sword |     3 |       ||     3

Table legend: (Time is in decaauts)
 A = Elapsed time spent in this place.
 B = Non-inter-level travel time spent in this place.
 C = Inter-level travel time spent in this place.
 D = Time resting spent in this place.
 E = Time spent auto-exploring this place.
 F = Levels seen in this place.
 G = Mean time per level.
                   A        B        C        D        E       F      G
               +--------+--------+--------+--------+--------+-----+--------+
         Total |   2121 |   2046 |     75 |    872 |    834 |   2 | 1060.5 |
       Dungeon |   2121 |   2046 |     75 |    872 |    834 |   2 | 1060.5 |
               +--------+--------+--------+--------+--------+-----+--------+

Top non-repeatable levels by time:
     D:1: 1555 daAuts
     D:2: 565 daAuts
